 Dungeon Crawl Stone Soup version 0.20.0 (webtiles) character file.

33 Llamajah the Shield-Bearer (level 3, -4/29 HPs)
             Began as a Formicid Fighter on June 15, 2017.
             Slain by a worm (8 damage)
             ... on level 2 of the Dungeon.
             The game lasted 00:02:49 (1185 turns).

Llamajah the Shield-Bearer (Formicid Fighter)       Turns: 1185, Time: 00:02:49

Health: -4/29      AC:  8    Str: 21    XL:     3   Next: 47%
Magic:  3/3        EV:  8    Int:  7    God:
Gold:   113        SH:  9    Dex: 10    Spells: 2/2 levels left

rFire    . . .     SeeInvis +   a - +0 war axe
rCold    . . .     Gourm    .   c - +0 shield
rNeg     . . .     Faith    .   b - +0 scale mail
rPois    .         Spirit   .   (helmet unavailable)
rElec    .         Reflect  .   (no cloak)
rCorr    .         Harm     .   (no gloves)
MR       .....                  j - +0 pair of boots
Stlth    ..........             (no amulet)
Regen    0.1/turn               (no ring)
MPRegen  0.1/turn               (no ring)

@: no status effects
A: permanent stasis, dig shafts and tunnels, four strong arms, antennae 3
a: Dig, Shaft Self


You were on level 2 of the Dungeon.
You were not hungry.

You visited 1 branch of the dungeon, and saw 2 of its levels.

You collected 113 gold pieces.

Inventory:

Hand Weapons
 a - a +0 war axe (weapon)
Armour
 b - a +0 scale mail (worn)
 c - a +0 shield (worn)
 j - a +0 pair of boots (worn)
Scrolls
 g - 2 scrolls of identify {unknown}
 h - a scroll of enchant armour {unknown}
 l - a scroll of recharging {unknown}
 o - a scroll of teleportation {unknown}
Potions
 d - 2 potions of might
 e - a potion of flight {unknown}
 k - a potion of berserk rage {unknown}
Comestibles
 f - 2 bread rations
 i - 4 fruits
 m - a meat ration


   Skills:
 + Level 3.4 Fighting
 * Level 2.6 Axes
 + Level 3.6 Armour
 + Level 1.0 Dodging
 + Level 3.7 Shields


You had 2 spell levels left.
You didn't know any spells.

Dungeon Overview and Level Annotations

Branches:
Dungeon (2/15)

Altars:
Trog


Innate Abilities, Weirdness & Mutations

You cannot be hasted, slowed, berserked, paralysed or teleported.
You can dig through walls and to a lower floor.
Your four strong arms can wield two-handed weapons with a shield.
You have a pair of large antennae on your head. (SInv)


Message History

The worm is severely wounded.
You closely miss the rat. You block the rat's attack. The worm bites you!
* * * LOW HITPOINT WARNING * * *
The rat bites you but does no damage.
You are too injured to fight recklessly!
You are too injured to fight recklessly!
Unknown command.
You are too injured to fight recklessly!
You are too injured to fight recklessly!
You are too injured to fight recklessly!
You are too injured to fight recklessly!
You barely miss the worm.
The worm is severely wounded.
You closely miss the rat. The rat bites you but does no damage.
The worm bites you.
* * * LOW HITPOINT WARNING * * *
The rat bites you.
* * * LOW HITPOINT WARNING * * *
The worm bites you!
You die...

#...# #.##.#.############
#.## #...# #......## #.##
###.## ####....# #.## # #.#
####.# #.## # #.# ###### #...
###.# ##....### ####### ....#
########......)######......
....#
#.....#..rww..).##....#####
....###.#####...@#....#######
......#.#####...###..).#
................#y#._..#
......#.##.##...###...)#
#...###....##....#....##
#...#####...#.........#
#.....# #[..##.......##
#.....# #....##....###
#.....# #.....######


You could see a moth of wrath, 2 worms and a rat (berserk).

Vanquished Creatures
  2 leopard geckos
  2 giant cockroaches (D:1)
  2 goblins (D:1)
  5 hobgoblins
  A quokka (D:2)
  A ball python (D:2)
  6 bats
  3 frilled lizards
  3 kobolds
  5 rats
30 creatures vanquished.

Notes
Turn   | Place    | Note
-------+----------+-------------------------------------------
     0 | D:1      | Llamajah the Formicid Fighter began the quest for the Orb.
     0 | D:1      | Reached XP level 1. HP: 18/18 MP: 1/1
   124 | D:1      | Reached XP level 2. HP: 24/24 MP: 2/2
   269 | D:1      | You fall through a shaft!
   330 | D:2      | Reached skill level 1 in Dodging
   585 | D:1      | Reached XP level 3. HP: 27/29 MP: 3/3
  1094 | D:2      | Noticed a moth of wrath
  1174 | D:2      | Found a bloodstained altar of Trog.
  1185 | D:2      | Slain by a worm

Skill      XL: |  1  2 |
---------------+-------+-----
Dodging        | 1 |  1.0
Fighting       | |  3.4
Axes           | |  2.6
Armour         | |  3.6
Shields        | |  3.7

Action                   || total
-------------------------++-------
Melee: War axe           ||    78
  Eat: Chunk             ||     1
Armor: Scale mail        ||    38
Dodge: Dodged            ||    27
Block: Shield            ||    48
